[Event "*** SCC Grand Prix: Titled Tuesday Blitz"]
[Site "Chess.com"]
[Date "2020.10.06"]
[Round "6"]
[White "Legendinunknown"]
[Black "Brave_spirit12"]
[Result "1-0"]
[WhiteElo "2645"]
[BlackElo "2481"]
[TimeControl "180+1"]
[EndTime "11:07:41 PDT"]
[Termination "Legendinunknown won by checkmate"]

1. e4 e6 2. d4 d5 3. Bd3 Nf6 4.
e5 Nfd7 5. Ne2 c5 6. c3 Nc6 7. O-O Be7 8. Be3 O-O 9. f4 Qb6 10. Nd2 Qxb2 11. f5 cxd4 12. cxd4 exf5 13. Bxf5 Qb6 14.
Nc3 Qa5 15. Rc1 Ndxe5 16. Nb3 Qb4 17. Nxd5 Qd6 18. dxe5 Qxe5 19. Bxc8 Raxc8 20. Bf4 Qb2 21. Rxc6 Ba3 22. Rxc8 Rxc8 23. Qg4 Re8 24. Bc1 Qxa2 25. Nf6+ Kf8 26. Nxe8 Qxb3 27. Bxa3+ Qxa3 28. Nxg7 Qe3+ 29. Kh1 Qc3 30. Ne6+ Ke7 31. Nd4 Qd3 32. Re1+ Kd8 33. Qg8+ Kc7 34. Qxf7+ Kb6 35. Qe6+ Ka5 36. Qd5+ Kb4 37.
Nc6+ Kc3 38. Rc1+ Kd2 39. Rd1+ Kxd1 40. Qxd3+ Ke1 41. Nd4 Kf2 42. Qe2# 1-0

[Event "*** SCC Grand Prix: Titled Tuesday Blitz"]
[Site "Chess.com"]
[Date "2020.10.06"]
[Round "6"]
[White "icychess54"]
[Black "googlegoom"]
[Result "0-1"]
[WhiteElo "2257"]
[BlackElo "2420"]
[TimeControl "180+1"]
[EndTime "11:07:42 PDT"]
[Termination "googlegoom won on time"]

1. c4 c6 2. Nf3 d5 3. e3 Nf6 4. Nc3 e6 5. Be2 Nbd7 6. O-O Bd6 7. b3 O-O 8. Bb2 b6 9. d4 Bb7 10. Rc1 Rc8 11. Bd3 c5 12. e4 dxe4 13. Nxe4 Bxe4 14.
Re1 Bxd3 15. Qxd3 cxd4 16. Qxd4 Bc5 17. Qh4 Qe7 18. Rcd1 Rfd8 19. Qg3 Nf8 20. h4 Rxd1 21. Rxd1 Ng6 22. Qg5 Bxf2+ 23. Kh1 Bc5 24. h5 Nf8 25. h6 Ng6 26. hxg7 Ne4 27. Qxe7 Bxe7 28. Rd7 Bf6 29. Bxf6 Nxf6 30. Rxa7 Ng4 31. Ng5 Rd8 32. g3 N6e5 33.
a4 Rd1+ 34. Kg2 Rd2+ 35. Kg1 Kxg7 36. Nxe6+ Kf6 37. Nf4 Nf3+ 0-1

[Event "*** SCC Grand Prix: Titled Tuesday Blitz"]
[Site "Chess.com"]
[Date "2020.10.06"]
[Round "6"]
[White "MashaFromRussia"]
[Black "ThePatrick27"]
[Result "0-1"]
[WhiteElo "2406"]
[BlackElo "2553"]
[TimeControl "180+1"]
[EndTime "11:07:43 PDT"]
[Termination "ThePatrick27 won by resignation"]

1. d4 Nf6 2. c4 g6 3. Nf3 Bg7 4.
g3 O-O 5. Bg2 d6 6. O-O Nc6 7.
Nc3 a6 8. e4 Bd7 9. d5 Na5 10.
Qe2 c5 11. e5 Ne8 12. Bf4 b5 13. cxb5 axb5 14. Nxb5 Qb6 15. a4 Nc7 16. Nxc7 Qxc7 17.
exd6 exd6 18. Qe7 Nc4 19. Bh3 Ra7 20. Rac1 Bxh3 21. Qxc7 Rxc7 22. Rxc4 Bxf1 23. Kxf1 Rd8 24. b4 Rcc8 25. b5 Ra8 26. Ke2 Bf8 27. Kd3 f6 28. Nd2 Kf7 29. Ne4 Ke7 30. h4 h6 31.
Bd2 Rdb8 32. g4 f5 33. Ng3 Kf6 34. Bc3+ Kf7 35. gxf5 gxf5 36. Nxf5 Kg6 37. Ng3 h5 38. Re4 Rb7 39. Re6+ Kf7 40. Rf6+ Kg8 41. Rf4 Bh6 42. Re4 Rf7 43. Nxh5 Rf3+ 44. Kc4 Rxa4+ 0-1

[Event "*** SCC Grand Prix: Titled Tuesday Blitz"]
[Site "Chess.com"]
[Date "2020.10.06"]
[Round "6"]
[White "Blagorod"]
[Black "BJthechessgod"]
[Result "1-0"]
[WhiteElo "2182"]
[BlackElo "2284"]
[TimeControl "180+1"]
[EndTime "11:07:43 PDT"]
[Termination "Blagorod won by resignation"]

1. e4 c5 2. Nc3 Nc6 3. g3 g6 4. Bg2 Bg7 5. d3 d6 6. f4 Nf6 7.
Nf3 O-O 8. O-O Bg4 9. h3 Bxf3 10. Qxf3 Nd4 11. Qf2 Nd7 12. g4 Rb8 13. f5 b5 14.
g5 b4 15. Nd5 e6 16. f6 exd5 17. fxg7 Kxg7 18. exd5 f5 19. c3 Nb5 20. cxb4 cxb4 21. Qh4 Ne5 22. a4 bxa3 23. bxa3 Nc3 24. Be3 f4 25.
Bd2 Ne2+ 26. Kh2 f3 27. Bh1 Qe7 28. d4 Nd3 29. Rxf3 Rxf3 30. Bxf3 Rf8 31. Rf1 Qe3 32. Bxe3 Nc3 33. Be2 Nxe2 34. Qh6+ 1-0

[Event "*** SCC Grand Prix: Titled Tuesday Blitz"]
[Site "Chess.com"]
[Date "2020.10.06"]
[Round "6"]
[White "Matols"]
[Black "MoreChessJulia"]
[Result "0-1"]
[WhiteElo "2259"]
[BlackElo "1965"]
[TimeControl "180+1"]
[EndTime "11:07:43 PDT"]
[Termination "MoreChessJulia won on time"]

1. d4 g6 2. c4 Bg7 3. g3 c5 4. d5 d6 5. Bg2 Nf6 6. Nf3 Bg4 7. Nc3 Nbd7 8. O-O Bxf3 9. Bxf3 Ne5 10. Qb3 Nxf3+ 11. exf3 O-O 12. Re1 Rb8 13. Bg5 Qd7 14. Kg2 h5 15. h4 a6 16. a4 Rfe8 17. Re2 e5 18. dxe6 Rxe6 19. Rae1 Rbe8 20. Qc2 Nh7 21.
Nd5 Nxg5 22. hxg5 Rxe2 23. Rxe2 Rxe2 24. Qxe2 Qe6 25. Qd2 Bd4 26. b3 Kg7 27. Kf1 Qh3+ 28. Ke2 Qg2 29. Qe1 Qh2 30. Nf4 h4 31. Kd3 hxg3 32.
fxg3 Qb2 33. Qd2 Qxb3+ 34. Ke2 Qxc4+ 0-1

[Event "*** SCC Grand Prix: Titled Tuesday Blitz"]
[Site "Chess.com"]
[Date "2020.10.06"]
[Round "6"]
[White "shriyanasmallya"]
[Black "ChronicUnhappiness"]
[Result "0-1"]
[WhiteElo "1625"]
[BlackElo "2268"]
[TimeControl "180+1"]
[EndTime "11:07:43 PDT"]
[Termination "ChronicUnhappiness won by checkmate"]

1. e4 d6 2. d4 Nf6 3. Nc3 g6 4. Nf3 Bg7 5. Be3 O-O 6. Bd3 Bg4 7. Qd2 Bxf3 8. gxf3 e5 9. dxe5 dxe5 10. Bc5 Re8 11. O-O-O c6 12. f4 exf4 13. Qxf4 Nh5 14. Qe3 Nd7 15. Bc4 Qc7 16. Bd6 Qb6 17. Qf3 Ne5 18. Bxe5 Rxe5 19. Qxf7+ Kh8 20. f4 Rf8 21. Qxf8+ Bxf8 22. fxe5 Bg7 23. e6 h6 24. e7 Nf6 25. Rd8+ Kh7 26. e8=Q Nxe8 27. Rxe8 Qe3+ 28. Kb1 b5 29. Bb3 h5 30. Bg8+ Kh6 31. Rc1 b4 32. Na4 Qd4 33.
c3 Qd3+ 34. Ka1 bxc3 35. Nxc3 c5 36. Bb3 Qd2 37. Rd1 Qxh2 38. Red8 h4 39. R8d2 Qg3 40. Rc1 h3 41. Rdc2 Be5 42. Be6 h2 43. Nd5 Qg1 44. Rxh2+ Qxh2 45. Bf5 Kg5 46. Bxg6 Qxb2# 0-1

[Event "*** SCC Grand Prix: Titled Tuesday Blitz"]
[Site "Chess.com"]
[Date "2020.10.06"]
[Round "6"]
[White "Harsha_Bharathakoti"]
[Black "Unkreativ3"]
[Result "1-0"]
[WhiteElo "2748"]
[BlackElo "2540"]
[TimeControl "180+1"]
[EndTime "11:07:44 PDT"]
[Termination "Harsha_Bharathakoti won by resignation"]

1. c4 c5 2. Nf3 g6 3. Nc3 Bg7 4. d4 cxd4 5. Nxd4 Nc6 6. Nc2 Nf6 7. g3 O-O 8. Bg2 d6 9. O-O Rb8 10. b3 a6 11. Bb2 Bf5 12. Ne3 Be6 13. Rc1 Na7 14.
Qd4 Nc6 15. Qd2 Ne5 16. Ncd5 b5 17. c5 Nxd5 18. Nxd5 dxc5 19. Rxc5 Qd6 20. Rc2 Rfd8 21. e4 Bg4 22. Qf4 Be6 23. Rd1 Bxd5 24. Rxd5 Qb6 25. Bxe5 Rxd5 26. exd5 Rd8 27. Bxg7 Kxg7 28. Qe5+ Kg8 29. Qxe7 Qb8 30. Rc7 1-0

[Event "*** SCC Grand Prix: Titled Tuesday Blitz"]
[Site "Chess.com"]
[Date "2020.10.06"]
[Round "6"]
[White "Stalri"]
[Black "profofchess"]
[Result "1-0"]
[WhiteElo "2157"]
[BlackElo "2375"]
[TimeControl "180+1"]
[EndTime "11:07:44 PDT"]
[Termination "Stalri won on time"]

1. d4 Nf6 2. c4 e6 3. Nc3 Bb4 4. e3 O-O 5. Bd3 c5 6. Ne2 cxd4 7. exd4 Re8 8. Be3 d5 9. a3 Bf8 10. c5 Nc6 11. b4 e5 12. O-O e4 13. Bc2 Ng4 14.
Bb3 Be6 15. Nf4 Nxe3 16. fxe3 Ne7 17. Qh5 g6 18. Qg5 h6 19. Qe5 Nf5 20. Ncxd5 Bg7 21.
Nxe6 fxe6 22. Nf6+ Bxf6 23. Qxe4 Bg5 24. Bxe6+ Kg7 25.
Qxb7+ Re7 26. Qc6 Bxe3+ 27. Kh1 Rc7 28. Qe4 Qxd4 29. Bxf5 1-0

[Event "*** SCC Grand Prix: Titled Tuesday Blitz"]
[Site "Chess.com"]
[Date "2020.10.06"]
[Round "6"]
[White "barriochess"]
[Black "IANOV0007"]
[Result "1-0"]
[WhiteElo "2316"]
[BlackElo "2420"]
[TimeControl "180+1"]
[EndTime "11:07:45 PDT"]
[Termination "barriochess won by resignation"]

1. d4 d6 2. e4 Nf6 3. Nc3 c6 4. f4 Qb6 5. a3 e5 6. Nf3 exd4 7. Nxd4 Nbd7 8. Bc4 g6 9. O-O Bg7 10. Kh1 O-O 11.
Nb3 Qc7 12. a4 b6 13. Be3 Bb7 14. Qf3 a6 15. Qh3 b5 16. Bd3 b4 17. Ne2 c5 18. e5 dxe5 19. fxe5 Qxe5 20. Rae1 Rae8 21.
Nf4 Qc7 22. Bc4 Re4 23. Nd2 Re7 24. Bd3 Ne5 25. Be2 h5 26. Nc4 Neg4 27. Bg1 Rfe8 28. Qg3 Ne4 29. Qh3 Qxf4 30. Rxf4 Ng5 31. Qd3 Be4 32. Qd1 Bf5 33. Bxc5 Rc7 34. Bxg4 Rxe1+ 35. Qxe1 Bxg4 36. Bd6 Rc8 37. h3 Be6 38. b3 Bc3 39.
Qe2 Rc6 40. Be5 Bxc4 41. Rxc4 Rxc4 42. bxc4 Ne6 43. Bxc3 bxc3 44. Qe3 Ng7 45. Qxc3 Nf5 46. c5 1-0

[Event "*** SCC Grand Prix: Titled Tuesday Blitz"]
[Site "Chess.com"]
[Date "2020.10.06"]
[Round "6"]
[White "RobertoJBM"]
[Black "GHANDEEVAM2003"]
[Result "0-1"]
[WhiteElo "2735"]
[BlackElo "2964"]
[TimeControl "180+1"]
[EndTime "11:07:47 PDT"]
[Termination "GHANDEEVAM2003 won on time"]

1. d4 e6 2. c4 c5 3. d5 exd5 4. cxd5 d6 5. Nc3 g6 6. e4 Bg7 7. h3 a6 8. a4 Ne7 9. Bd3 O-O 10.
Nge2 f5 11. O-O Nd7 12. f3 Ne5 13. Bc2 c4 14. Be3 Qc7 15. Nd4 f4 16. Bf2 g5 17.
Qd2 h5 18. a5 g4 19. hxg4 hxg4 20. Rfd1 g3 21. Be1 N7g6 22. Kf1 Qe7 23. Nce2 Qh4 24. Ng1 Qh1 25. Qe2 Nh4 26. Bc3 Rf6 27. Ne6 Bd7 28. Bxe5 dxe5 29. Ba4 Be8 30. Bxe8 Rxe8 31. Nxg7 Kxg7 32.
d6 Rh6 33. Rd2 Ng6 34. d7 Reh8 35. Qe1 Qxg1+ 36. Ke2 Qxg2+ 37. Kd1 Qxf3+ 38. Kc2 Rh2 39. d8=Q Rxd8 0-1

[Event "*** SCC Grand Prix: Titled Tuesday Blitz"]
[Site "Chess.com"]
[Date "2020.10.06"]
[Round "6"]
[White "AttackSparrow"]
[Black "Guenplen"]
[Result "0-1"]
[WhiteElo "2382"]
[BlackElo "2828"]
[TimeControl "180+1"]
[EndTime "11:07:47 PDT"]
[Termination "Guenplen won by checkmate"]

1. e4 c5 2. c3 d6 3. d4 Nf6 4. Bd3 Nc6 5. Nf3 Bg4 6. d5 Bxf3 7. Qxf3 Ne5 8. Bb5+ Ned7 9. O-O g6 10. a4 Bg7 11.
Qe2 O-O 12. h3 a6 13. Bd3 Re8 14. Na3 e6 15. dxe6 Rxe6 16. Bg5 d5 17. Qd1 dxe4 18. Bc4 Re5 19. Bf4 Rf5 20. Bg3 Ne5 21. Be2 Qe7 22. Nc4 Nxc4 23. Bxc4 Rd8 24. Qb3 Nh5 25.
Bh2 e3 26. fxe3 Qxe3+ 27. Kh1 Ng3+ 28. Bxg3 Qxg3 29. Rxf5 gxf5 30. Bxf7+ Kh8 31. Bd5 Be5 32. Kg1 Qh2+ 33. Kf2 Qf4+ 34. Kg1 Re8 35. Qc4 Qe3+ 36.
Kh1 Qg3 37. Kg1 Bf4 38. Kf1 Be3 39. Qe2 Qh2 40. g3 Qg1# 0-1

[Event "*** SCC Grand Prix: Titled Tuesday Blitz"]
[Site "Chess.com"]
[Date "2020.10.06"]
[Round "6"]
[White "Butterfly"]
[Black "Chessdude1987"]
[Result "1-0"]
[WhiteElo "2410"]
[BlackElo "2236"]
[TimeControl "180+1"]
[EndTime "11:07:47 PDT"]
[Termination "Butterfly won on time"]

1. d4 e6 2. Nf3 f5 3. g3 Nf6 4. Bg2 Be7 5. O-O O-O 6. c4 Ne4 7. b3 Bf6 8. Bb2 d5 9. Ne5 Nd7 10. Nd2 c5 11. e3 cxd4 12. exd4 b6 13. Nxe4 dxe4 14. f3 Bxe5 15. dxe5 Bb7 16. fxe4 fxe4 17. Qg4 Qe7 18. Bxe4 Bxe4 19. Qxe4 Nc5 20. Qe3 Rxf1+ 21.
Rxf1 Rd8 22. Bd4 h6 23. b4 Nd7 24. a3 Nf8 25. c5 bxc5 26. Bxc5 Qb7 27. Bxa7 Nh7 28. h4 Ra8 29. Bc5 Qa6 30. Qf3 Qxa3 31.
Qxa3 Rxa3 32. Kg2 Ra2+ 33. Kf3 Nf8 34. Rd1 Ra3+ 35. Kg2 Ra2+ 36. Kh3 Ra3 37. Rd8 Rf3 38. b5 1-0

[Event "*** SCC Grand Prix: Titled Tuesday Blitz"]
[Site "Chess.com"]
[Date "2020.10.06"]
[Round "6"]
[White "Iskusnyh"]
[Black "RaunakSadhwani2005"]
[Result "0-1"]
[WhiteElo "2564"]
[BlackElo "2898"]
[TimeControl "180+1"]
[EndTime "11:07:48 PDT"]
[Termination "RaunakSadhwani2005 won on time"]

1. d4 g6 2. c4 Bg7 3. g3 c5 4. dxc5 Qa5+ 5. Bd2 Qxc5 6. Nc3 Nf6 7. Bg2 O-O 8. Rc1 Nc6 9. Nh3 d6 10. Nf4 Qf5 11. O-O Qd7 12. Ncd5 Qd8 13. Bc3 Ne8 14. Bxg7 Nxg7 15. c5 dxc5 16. Rxc5 Bg4 17. h3 Bd7 18. Qd2 Ne6 19. Nxe6 Bxe6 20. Rd1 Qd6 21. Nf6+ Kg7 22. Qc1 Qc7 23. Nd5 Bxd5 24. Bxd5 Rac8 25. Bxc6 bxc6 26.
Qc3+ Kg8 27. Rc1 Qd7 28. Kg2 Qe6 29. Qc4 Qf6 30. b3 Rfd8 31. Rxc6 Rxc6 32. Qxc6 e6 33.
Rc2 h5 34. Qf3 Qe7 35. h4 e5 36. Qe4 Rd4 37. Qe3 Qb7+ 38. Qf3 Qd7 39. e3 Rd1 40. Qe4 Rd5 41. Qc4 Kg7 42. Qc6 Qd8 43. Qc7 Qf6 44.
Qxa7 e4 45. Qc7 Qf3+ 46. Kh2 Rd1 47. Qe5+ Kh7 0-1

[Event "*** SCC Grand Prix: Titled Tuesday Blitz"]
[Site "Chess.com"]
[Date "2020.10.06"]
[Round "6"]
[White "OldweakGM"]
[Black "Msb2"]
[Result "1/2-1/2"]
[WhiteElo "2885"]
[BlackElo "2921"]
[TimeControl "180+1"]
[EndTime "11:07:49 PDT"]
[Termination "Game drawn by repetition"]

1. Nf3 d5 2. d4 Nf6 3. Bf4 c5 4.
e3 Nc6 5. c3 Qb6 6. Qb3 c4 7. Qc2 Bf5 8. Qc1 Nh5 9. Bg3 f6 10.
Nbd2 e5 11. dxe5 Nxg3 12. hxg3 fxe5 13. e4 Bxe4 14. Nxe4 dxe4 15. Ng5 e3 16. Bxc4 exf2+ 17. Kf1 O-O-O 18. Nf7 Be7 19. Nxh8 Rxh8 20. Qc2 Kb8 21. Rd1 h6 22. Rd7 Qe3 23. Qe2 Qxg3 24. Bd5 Qf4 25. Rxb7+ Kxb7 26. Qb5+ Kc7 27. Qxc6+ Kd8 28. Qa8+ Kd7 29.
Qc6+ Kd8 30. Ke2 Bg5 31. Qd6+ Ke8 32. Qe6+ Kf8 33. Qc8+ Ke7 34. Qe6+ Kd8 35. Qd6+ Ke8 36. Qe6+ Kd8 37. Qd6+ 1/2-1/2

[Event "*** SCC Grand Prix: Titled Tuesday Blitz"]
[Site "Chess.com"]
[Date "2020.10.06"]
[Round "6"]
[White "tk22h"]
[Black "PhileKhoob"]
[Result "0-1"]
[WhiteElo "2338"]
[BlackElo "2468"]
[TimeControl "180+1"]
[EndTime "11:07:49 PDT"]
[Termination "PhileKhoob won by resignation"]

1. c4 Nf6 2. Nc3 d5 3. cxd5 Nxd5 4. Nf3 g6 5. e4 Nb6 6. d4 Bg7 7. h3 O-O 8. Be3 f5 9. exf5 Bxf5 10. Bd3 Nc6 11.
Bxf5 Rxf5 12. O-O Qd7 13. Qe2 Raf8 14. Rad1 Nd5 15. Nh2 Nf4 16. Bxf4 Rxf4 17. d5 Nd4 18.
Qd3 a6 19. a4 Nf5 20. Nf3 h6 21. Rfe1 Rb4 22. Re2 Nd6 23. Qxg6 Rxf3 24. gxf3 Qxh3 25. Qe6+ Qxe6 26. Rxe6 Kf7 27. Re2 Nc4 28. Rde1 Bf6 29. Ne4 Bh4 30. Kg2 Ne5 31. Rh1 Ng6 32. Ng3 Nf4+ 33.
Kf1 Nxe2 34. Nxe2 Bf6 35. Rxh6 Rxb2 36. Nf4 Bg5 37. Rh5 Bf6 38. Nd3 Rb1+ 39. Kg2 Ra1 40.
Nc5 b6 41. Nxa6 Rc1 42. Rh1 Rc4 43. Rd1 Be5 44. Kf1 Rxa4 45. Rc1 Rxa6 46. Rc4 Bd6 0-1

[Event "*** SCC Grand Prix: Titled Tuesday Blitz"]
[Site "Chess.com"]
[Date "2020.10.06"]
[Round "6"]
[White "Gabix_94"]
[Black "Fins0905"]
[Result "0-1"]
[WhiteElo "2791"]
[BlackElo "2649"]
[TimeControl "180+1"]
[EndTime "11:07:50 PDT"]
[Termination "Fins0905 won by resignation"]

1. c4 c6 2. d4 d5 3. Nc3 Nf6 4. Nf3 dxc4 5. e4 b5 6. Be2 Bg4 7. O-O e6 8. a4 b4 9. e5 Nd5 10. Ne4 h6 11. Bxc4 Be7 12. h3 Bf5 13. Ng3 Bg6 14. Bd3 Bxd3 15. Qxd3 O-O 16. Qe4 Nd7 17. Qg4 Kh7 18. Bd2 c5 19. dxc5 Nxc5 20. Rad1 Nxa4 21. Nh5 Rg8 22. Bc1 Nc5 23. Nf4 Qd7 24. Be3 Rad8 25.
Nxd5 exd5 26. Qxb4 Ne4 27. Qb3 a5 28. Rd3 Qe6 29.
Nd4 Qg6 30. Qb5 Rb8 31. Qxd5 Nxf2 32. Bxf2 Qxd3 33. Qxf7 Bg5 34. Nf3 Be3 35. Kh2 Rgf8 36. Qh5 Qxf1 37. Bxe3 Rxf3 38. e6 Rf6 39. e7 Re6 40.
Qf5+ Qxf5 0-1

[Event "*** SCC Grand Prix: Titled Tuesday Blitz"]
[Site "Chess.com"]
[Date "2020.10.06"]
[Round "6"]
[White "Ural_bogatyr"]
[Black "FloMaster111"]
[Result "0-1"]
[WhiteElo "2375"]
[BlackElo "2565"]
[TimeControl "180+1"]
[EndTime "11:07:50 PDT"]
[Termination "FloMaster111 won on time"]

1. e4 c6 2. d4 d5 3. e5 Bf5 4. Ne2 c5 5. Ng3 Bd7 6. dxc5 e6 7.
b4 a5 8. c3 axb4 9. cxb4 b6 10. Bd3 bxc5 11. bxc5 Bxc5 12. O-O Ne7 13. Qg4 Nbc6 14.
Bf4 Bd4 15. Qxg7 Rg8 16. Qxh7 Nxe5 17. Nc3 Bxc3 18. Rac1 Nxd3 19. Rxc3 Nxf4 20. Rf3 e5 21.
Nh5 Rxg2+ 22. Kh1 Neg6 23. Re1 Qh4 24. Nf6+ Qxf6 0-1

[Event "*** SCC Grand Prix: Titled Tuesday Blitz"]
[Site "Chess.com"]
[Date "2020.10.06"]
[Round "6"]
[White "vaishali2001"]
[Black "JonahWillow"]
[Result "1-0"]
[WhiteElo "2540"]
[BlackElo "2683"]
[TimeControl "180+1"]
[EndTime "11:07:51 PDT"]
[Termination "vaishali2001 won by resignation"]

1. e4 c5 2. Nf3 Nc6 3. Nc3 g6 4.
d4 cxd4 5. Nxd4 Bg7 6. Nb3 Nf6 7. Be2 O-O 8. O-O d6 9. Re1 a6 10. Bf1 b5 11. a4 b4 12. Nd5 Nxd5 13. exd5 Ne5 14.
a5 Bb7 15. Re4 Rc8 16. Rxb4 Qc7 17. Be3 Nd7 18. c3 Nf6 19. Bc4 Qd7 20. Qd3 Ra8 21.
h3 Rfc8 22. Re1 Qc7 23. Bb6 Qd7 24. Nd2 Nh5 25. Bb3 Be5 26. Ba4 Qf5 27. Qxf5 gxf5 28. Bd7 Rf8 29. Bxf5 Bxd5 30. Be4 Nf4 31. g3 Bxe4 32. gxf4 Bxf4 33. Nxe4 f5 34. Ng3 Rf7 35. Rxf4 1-0

[Event "*** SCC Grand Prix: Titled Tuesday Blitz"]
[Site "Chess.com"]
[Date "2020.10.06"]
[Round "6"]
[White "ftorodent"]
[Black "TudorAnton"]
[Result "1-0"]
[WhiteElo "2676"]
[BlackElo "2500"]
[TimeControl "180+1"]
[EndTime "11:07:51 PDT"]
[Termination "ftorodent won by resignation"]

1. d4 Nf6 2. c4 e6 3. Nf3 Bb4+ 4. Bd2 c5 5. Bxb4 cxb4 6. a3 bxa3 7. Rxa3 O-O 8. Nc3 Nc6 9. e3 d6 10. Be2 a5 11. O-O Re8 12. Nb5 b6 13. Nd2 Ba6 14. Bf3 Rc8 15. Nc3 Nb4 16. b3 d5 17. Be2 dxc4 18.
bxc4 Bb7 19. Na2 Nxa2 20. Rxa2 e5 21. d5 Nd7 22. Bg4 g6 23. Bxd7 Qxd7 24. Qb3 Ba6 25. Qxb6 Bxc4 26. Nxc4 Rxc4 27. Rxa5 Rec8 28. h3 e4 29. Kh2 Rc2 30. Kg1 Rc1 31. Rxc1 Rxc1+ 32. Kh2 Qc7+ 33. Qxc7 Rxc7 34. Kg3 Rc2 35. Ra4 Rd2 36. Rd4 Rxd4 37. exd4 Kf8 38. Kf4 f5 39. g4 fxg4 40.
Kxg4 Ke7 41. Kf4 Kd6 42. Kxe4 g5 43. Kf5 Kxd5 44. Kxg5 Kxd4 45. f4 Ke4 46. f5 Ke5 47. h4 h5 48. Kg6 1-0

[Event "*** SCC Grand Prix: Titled Tuesday Blitz"]
[Site "Chess.com"]
[Date "2020.10.06"]
[Round "6"]
[White "Beca95"]
[Black "ChessWarrior7197"]
[Result "1-0"]
[WhiteElo "2916"]
[BlackElo "3004"]
[TimeControl "180+1"]
[EndTime "11:07:55 PDT"]
[Termination "Beca95 won on time"]

1. e4 e5 2. Nf3 Nc6 3. Bb5 a6 4. Ba4 Nf6 5. O-O Nxe4 6. d4 b5 7. Bb3 d5 8. dxe5 Be6 9. Qe2 Be7 10. Rd1 O-O 11. Nbd2 Nc5 12. c3 f6 13. Nd4 Nxd4 14. cxd4 Nxb3 15. Nxb3 fxe5 16. Qxe5 Qd7 17. Re1 Rf6 18. Bg5 Bd6 19. Bxf6 Bxe5 20. Bxe5 Bf5 21.
Rac1 c6 22. Nc5 Qf7 23. Re3 Re8 24. Rce1 Qg6 25. Rg3 Qf7 26. h4 g6 27. h5 Be4 28.
Nxe4 dxe4 29. Rxe4 Qf5 30. Rh4 Re6 31. h6 c5 32. Rf4 Qh5 33. Rh3 Qd1+ 34. Kh2 g5 35. Rf5 g4 36. Bg7 Re8 37. Re3 Rc8 38. Re6 cxd4 39.
Ref6 g3+ 40. fxg3 1-0

[Event "*** SCC Grand Prix: Titled Tuesday Blitz"]
[Site "Chess.com"]
[Date "2020.10.06"]
[Round "6"]
[White "hurricane7791"]
[Black "Zq1"]
[Result "1-0"]
[WhiteElo "2698"]
[BlackElo "2521"]
[TimeControl "180+1"]
[EndTime "11:07:55 PDT"]
[Termination "hurricane7791 won on time"]

1. d4 f6 2. e4 e6 3. c4 Ne7 4.
Nc3 d5 5. Nf3 Nbc6 6. exd5 exd5 7. cxd5 Nxd5 8. Bc4 Qe7+ 9. Kf1 Nb6 10. Bb3 Bg4 11. h3 Bh5 12. g4 Bf7 13. d5 O-O-O 14. Kg2 Na5 15. Re1 Qd6 16. Nb5 Qb4 17. Nxa7+ Kb8 18.
Bd2 Nxb3 19. Bxb4 Nxa1 20. Bxf8 Rhxf8 21. Nb5 Rxd5 22. Nbd4 c5 23. Qd2 cxd4 24. Qb4 Nd7 25. Nxd4 Rc8 26. Rxa1 Ne5 27. Nf5 Rd3 28. Ne3 Be8 29.
Rd1 Bc6+ 30. Kf1 Rcd8 31. Rxd3 Rxd3 32. Qf8+ Ka7 33. Qxg7 Nf3 34. Qxf6 Nh2+ 35. Ke2 Rd7 36. Qe5 Bf3+ 37. Ke1 1-0

[Event "*** SCC Grand Prix: Titled Tuesday Blitz"]
[Site "Chess.com"]
[Date "2020.10.06"]
[Round "6"]
[White "K_A_S_T_O_R"]
[Black "Parhamov"]
[Result "0-1"]
[WhiteElo "2738"]
[BlackElo "2966"]
[TimeControl "180+1"]
[EndTime "11:07:56 PDT"]
[Termination "Parhamov won on time"]

1. e4 e5 2. Nf3 Nc6 3. Bc4 Bc5 4. c3 Nf6 5. d3 d6 6. Bb3 a5 7.
h3 O-O 8. a4 Ba7 9. O-O Ne7 10.
Re1 Ng6 11. Nbd2 c6 12. Nf1 Re8 13. Ng3 Be6 14. Ng5 Bxf2+ 15. Kxf2 Qb6+ 16. Be3 Qxb3 17. Qxb3 Bxb3 18. c4 d5 19. Rec1 Nf4 20. Rc3 Bxc4 21. dxc4 d4 22. Rb3 dxe3+ 23. Kxe3 Nxg2+ 24. Kf3 Nh4+ 25. Ke2 Re7 26. Rd1 h6 27. Nf3 Nxf3 28.
Kxf3 g6 29. Rbd3 Kg7 30. Rg1 Kh7 31. Rgd1 Rc8 32. Rd6 Ne8 33. Rd7 Rc7 34. Rd8 Ng7 35. Ra8 Ne6 36. Rxa5 Nd4+ 37. Kg2 f5 38. exf5 gxf5 39.
Re1 c5 40. Ra8 Rg7 41. Kf2 e4 42. Nh5 Rg5 43. Nf6+ Kg6 44. Nd5 Rg7 45. Rf8 Nf3 46. Nf4+ Kh7 47. Rd1 Nd4 48. b4 Rg3 0-1

[Event "*** SCC Grand Prix: Titled Tuesday Blitz"]
[Site "Chess.com"]
[Date "2020.10.06"]
[Round "6"]
[White "TimofeevAr"]
[Black "Ermito2020"]
[Result "1/2-1/2"]
[WhiteElo "2840"]
[BlackElo "2670"]
[TimeControl "180+1"]
[EndTime "11:07:56 PDT"]
[Termination "Game drawn by repetition"]

1. d4 e6 2. c4 f5 3. Nc3 Nf6 4. g3 Be7 5. Bg2 O-O 6. Nf3 d5 7. O-O c6 8. Bf4 Ne4 9. Rc1 Nd7 10. Ne5 Ndf6 11. Qb3 Qe8 12. f3 Nxc3 13. Rxc3 Nh5 14. Bc1 Kh8 15. e4 fxe4 16. fxe4 Rxf1+ 17. Kxf1 Nf6 18. Kg1 Nxe4 19. Bxe4 dxe4 20. Qc2 c5 21. Qxe4 cxd4 22. Rf3 Bf6 23. Bg5 Bxg5 24. Nf7+ Kg8 25. Nxg5 Qg6 26.
Qxg6 hxg6 27. Rf4 e5 28. Re4 Bf5 29. Rxe5 Rd8 30. Rd5 Rxd5 31. cxd5 Kf8 32. Kf2 Ke7 33. Nf3 d3 34. Ke3 Kd6 35. Kd4 g5 36. Ne5 b5 37.
Nxd3 Bxd3 38. Kxd3 Kxd5 39. Ke3 Ke5 40. Kf3 Kf5 41.
h3 a5 42. b3 b4 43. Ke3 Ke5 44. Kd3 Kd5 45. Ke3 Ke5 46. Kd3 Kd5 47. Ke3 Ke5 1/2-1/2

[Event "*** SCC Grand Prix: Titled Tuesday Blitz"]
[Site "Chess.com"]
[Date "2020.10.06"]
[Round "6"]
[White "DenisQ"]
[Black "Fandorine"]
[Result "0-1"]
[WhiteElo "2666"]
[BlackElo "2874"]
[TimeControl "180+1"]
[EndTime "11:07:56 PDT"]
[Termination "Fandorine won by resignation"]

1. Nf3 Nf6 2. g3 g6 3. Bg2 Bg7 4. O-O O-O 5. c4 d6 6. Nc3 Nc6 7.
Rb1 e5 8. b4 Re8 9. b5 Nd4 10. d3 Ne6 11. Ng5 Nc5 12. Qc2 h6 13. Nge4 Nfd7 14. Nd5 Ne6 15. Bb2 f5 16. Nd2 Nb6 17.
e3 h5 18. f4 h4 19. Rbe1 hxg3 20. hxg3 Nd7 21. Nf3 a5 22. e4 fxe4 23. Rxe4 c6 24. bxc6 bxc6 25. Nc3 exf4 26. d4 Rb8 27. gxf4 Nf6 28.
Ree1 Nxf4 29. Bc1 Bf5 30. Qd2 Nxg2 31. Qxg2 Rxe1 32. Rxe1 Qd7 33. Nh4 Re8 34. Rxe8+ Qxe8 35. Nxf5 gxf5 36. Bh6 Ng4 0-1

[Event "*** SCC Grand Prix: Titled Tuesday Blitz"]
[Site "Chess.com"]
[Date "2020.10.06"]
[Round "6"]
[White "yourstrulyme"]
[Black "ExcitingTrap"]
[Result "1-0"]
[WhiteElo "2423"]
[BlackElo "2264"]
[TimeControl "180+1"]
[EndTime "11:07:56 PDT"]
[Termination "yourstrulyme won by resignation"]

1. d4 Nf6 2. Nf3 g6 3. Bg5 Bg7 4. Nbd2 d5 5. c3 O-O 6. e3 h6 7.
Bh4 g5 8. Bg3 Bf5 9. Be2 Nbd7 10.
h4 g4 11. Ne5 h5 12. f3 gxf3 13. gxf3 Nxe5 14. dxe5 Nd7 15. f4 Nc5 16. Rg1 Bg6 17.
b4 Nd3+ 18. Bxd3 Bxd3 19. Qxh5 Bg6 20. Qf3 Qd7 21. h5 Bh7 22. Bh4 Kh8 23. h6 Bxh6 24. Qh5 Qe6 25. Bxe7 Qxe7 26. Qxh6 Rg8 27. Kf2 Rg6 28.
Rxg6 fxg6 29. Rh1 Rg8 30. Nf3 Rg7 31. Ng5 Kg8 32. a4 c6 33. Qh3 Qe8 34. Nxh7 1-0

[Event "*** SCC Grand Prix: Titled Tuesday Blitz"]
[Site "Chess.com"]
[Date "2020.10.06"]
[Round "6"]
[White "djano"]
[Black "annamaja"]
[Result "0-1"]
[WhiteElo "2435"]
[BlackElo "2267"]
[TimeControl "180+1"]
[EndTime "11:07:56 PDT"]
[Termination "annamaja won by resignation"]

1. Nc3 d5 2. d4 Nf6 3. Bf4 e6 4. Nf3 Bd6 5. Ne5 O-O 6. e3 c5 7. Qf3 cxd4 8. exd4 Nc6 9. O-O-O Bxe5 10. dxe5 Nd7 11.
Qg3 f6 12. exf6 Qxf6 13. Be3 d4 14. Ne4 Qf5 15. Nd6 Qf6 16. Bg5 Qxf2 17. Bd3 Nc5 18. Bc4 Qxg3 19. hxg3 Bd7 20. b4 Nxb4 21. Rxd4 Nc6 22.
Rdh4 h6 23. Bxh6 gxh6 24. Rxh6 Kg7 25. Rh7+ Kf6 26. R1h5 Ne5 27. Be2 Be8 28. R5h6+ Bg6 29.
Rc7 b6 30. g4 Rad8 31. Nc4 Nxc4 32. Bxc4 Rd7 33. Rc6 Kg5 34. Rh1 Rf2 35. Bb3 Nxb3+ 36.
axb3 Rdd2 37. Re1 Rxc2+ 0-1